 Dungeon Crawl Stone Soup version 0.22-a0-252-gcace5d2 (webtiles) character file.

64 KristoblXynda the Chopper (level 3, -6/29 HPs)
             Began as a Draconian Gladiator on Mar 1, 2018.
             Mangled by a gnoll
             ... wielding a +0 spear
              (9 damage)
             ... on level 2 of the Dungeon.
             The game lasted 00:01:48 (959 turns).

KristoblXynda the Chopper (Draconian Gladiator)      Turns: 959, Time: 00:01:49

Health: -6/29      AC:  5    Str: 16    XL:     3   Next: 91%
Magic:  3/3        EV: 13    Int:  9    God:
Gold:   81         SH:  0    Dex: 12    Spells: 2/2 levels left

rFire    . . .     SeeInvis .   a - +0 war axe
rCold    . . .     Gourm    .   (no shield)
rNeg     . . .     Faith    .   (armour unavailable)
rPois    .         Spirit   .   b - +0 hat
rElec    .         Reflect  .   (no cloak)
rCorr    .         Harm     .   (no gloves)
MR       .....                  (no boots)
Stlth    +.........             (no amulet)
HPRegen  0.09/turn              (no ring)
MPRegen  0.08/turn              (no ring)

@: no status effects
A: unfitting armour, cold-blooded, AC +5
a: no special abilities


You were on level 2 of the Dungeon.
You were not hungry.

You visited 1 branch of the dungeon, and saw 2 of its levels.

You collected 81 gold pieces.

Inventory:

Hand Weapons
 a - a +0 war axe (weapon)
Missiles
 c - 3 throwing nets (quivered)
Armour
 b - a +0 hat (worn)
Scrolls
 e - a scroll of blinking {unknown}
 f - a scroll of immolation {unknown}
 g - a scroll of noise {unknown}
 i - a scroll of teleportation {unknown}
Potions
 h - a potion of curing {unknown}
Comestibles
 d - 2 rations


   Skills:
 - Level 2.1 Fighting
 * Level 4.2 Axes
 - Level 2.0 Throwing
 + Level 3.3 Dodging


You had 2 spell levels left.
You didn't know any spells.

Dungeon Overview and Level Annotations

Branches:
Dungeon (2/15)

Altars:


Innate Abilities, Weirdness & Mutations

Your plain brown scales are hard. (AC +5)
You cannot fit into any form of body armour.
You are cold-blooded and may be slowed by cold attacks.


Message History

You barely miss the gnoll.
The gnoll is severely wounded.
The gnoll hits you with a spear.
* * * LOW HITPOINT WARNING * * *
You closely miss the gnoll.
The gnoll is severely wounded.
The gnoll misses you. The gnoll closely misses you.
You closely miss the gnoll.
The gnoll is severely wounded.
The gnoll hits you but does no damage.
You hit the gnoll.
You kill the gnoll!
Your Axes skill increases to level 4!
You slash the dart slug!
You kill the dart slug!
You slash the gnoll!
You kill the gnoll!
The gnoll completely misses you. The gnoll hits you with a spear!
You die...

#.###.#...## #.#
#.......
#######.###.....##
#............#....
#.#####.##.#......
#.# #.##.##.#...
#.# #.......#...
#†# #.......##.#
#@# #.......##.#
#g# ##.....###.#
#.# #....)# #.#
#.# ###.## #.# ...
.. #.# ..# #.# ..#
#.# ....


You could see a gnoll.

Vanquished Creatures
  2 gnolls (D:2)
  A dart slug (D:2)
  A leopard gecko (D:1)
  A ball python (D:1)
  3 goblins (D:1)
  6 hobgoblins
  11 jackals
  2 bats (D:1)
  2 frilled lizards (D:1)
  5 kobolds
  3 rats (D:1)
37 creatures vanquished.

Notes
Turn   | Place    | Note
-------+----------+-------------------------------------------
     0 | D:1      | KristoblXynda the Draconian Gladiator began the quest for the Orb.
     0 | D:1      | Reached XP level 1. HP: 17/17 MP: 1/1
   435 | D:1      | Reached XP level 2. HP: 22/24 MP: 2/2
   594 | D:1      | Reached XP level 3. HP: 16/29 MP: 3/3
   956 | D:2      | Reached skill level 4 in Axes
   959 | D:2      | Mangled by a gnoll

Vault maps used:
D:1:      roderic_crop_circles_arrival_small, hangedman_decor_push
D:2:      first_ration, minmay_misc_feat_enclosed, tgw_kikubaaqudgha

Skill      XL: |  1  2  3 |
---------------+----------+-----
Throwing       | 2 |  2.0
Dodging        | 3 |  3.3
Axes           | 4 |  4.2
Fighting       | |  2.1

Action                   || total
-------------------------++-------
Melee: War axe           ||    97
       Tailslap          ||    15
 Stab: Sleeping          ||     1
Armor: Skin              ||    33
Dodge: Dodged            ||    90

Table legend:
 A = Spawn XP
 B = Non-spawn XP
 C = Spawn XP percentage of total XP
 D = Spawn monster count
 E = Non-spawn monster count
 F = Spawn count percentage of total count
 G = Total turns spent on level
                    A         B        C        D         E        F      G
               +---------+---------+-------+---------+---------+-------+---------
         Total |       0 |      92 |   0.0 |       0 |      37 |   0.0 |   959
               +---------+---------+-------+---------+---------+-------+---------
           D:1 |       0 |      48 |   0.0 |       0 |      28 |   0.0 |   848
           D:2 |       0 |      44 |   0.0 |       0 |       9 |   0.0 |   111
               +---------+---------+-------+---------+---------+-------+---------
